 Dungeon Crawl Stone Soup version 0.31-a0-1603-gbec6b6ccbf (webtiles) character file.

Game seed: 1286831076002229111

709 wildpjah the Covered (level 7, -1/60 HPs)
             Began as a Hill Orc Fighter on Jan 8, 2024.
             Was an Initiate of Okawaru.
             Slain by a troll (12 damage)
             ... on level 5 of the Dungeon.
             The game lasted 00:10:37 (4233 turns).

wildpjah the Covered (Hill Orc Fighter)             Turns: 4233, Time: 00:10:38

Health: -1/60      AC: 11    Str: 21    XL:     7   Next: 68%
Magic:  16/16      EV:  9    Int: 14    God:    Okawaru [......]
Gold:   319        SH:  4    Dex: 10    Spells: 6/6 levels left

rFire   . . .        a - +0 war axe
rCold   . . .        c - +0 buckler
rNeg    . . .        b - +0 scale mail
rPois   .            r - +0 helmet
rElec   .            (no cloak)
rCorr   .            d - +0 pair of gloves
SInv    .            s - +0 pair of boots
Will    .....        h - amulet of faith Stlth
                     i - ring of magical power
HPRegen 0.30/turn    q - +6 ring of intelligence
MPRegen 0.15/turn

%: faith
@: about to teleport
A: no striking features
a: Renounce Religion


You were on level 5 of the Dungeon.
You worshipped Okawaru.
Okawaru was noncommittal.
You visited 2 branches of the dungeon, and saw 6 of its levels.

You collected 319 gold pieces.

Inventory:

Hand Weapons
 a - a +0 war axe (weapon)
 x - a +0 dagger of flaming
Missiles
 w - 4 atropa-tipped darts (quivered)
Armour
 b - a +0 scale mail (worn)
 c - a +0 buckler (worn)
 d - a +0 pair of gloves (worn)
 g - a +0 ring mail
 r - a +0 helmet (worn)
 s - a +0 pair of boots (worn)
Jewellery
 h - an amulet of faith (around neck)
 i - a ring of magical power (left hand)
 q - a +6 ring of intelligence (right hand)
 u - an amulet of magic regeneration
 z - a ring of protection from fire
Wands
 f - a wand of mindburst (4)
 y - a wand of polymorph (8)
Scrolls
 e - a scroll of blinking
 l - a scroll of teleportation
 o - 2 scrolls of noise
Potions
 k - a potion of magic
 m - a potion of haste
 n - a potion of heal wounds
 t - 3 potions of lignification {unknown}
 v - a potion of enlightenment {unknown}


   Skills:
 + Level 4.9 Fighting
 + Level 6.2 Axes
 + Level 0.3 Throwing
 * Level 6.4 Armour
 + Level 0.9 Dodging
 + Level 0.6 Stealth
 * Level 4.8 Shields


You had 6 spell levels left.
You didn't know any spells.
Your spell library contained the following spells:

 Spells                   Type           Power      Damage    Failure   Level
 Dazzling Flash           Conj/Hex       0%         N/A       95%         3
 Mephitic Cloud           Conj/Alch/Air  0%         N/A       95%         3
 Leda's Liquefaction      Alch/Erth      0%         N/A       100%        4
 Passage of Golubria      Tloc           0%         N/A       100%        4
 Curse of Agony           Necr           0%         N/A       100%        5
 Lee's Rapid Deconstruct  Erth           0%         3d4*      100%        5
 Silence                  Hex/Air        0%         N/A       100%        5
 Yara's Violent Unravell  Hex/Alch       0%         3d3       100%        5
 Bombard                  Conj/Erth      0%         9d1       100%        6
 Tukima's Dance           Hex            Unusable   N/A       N/A         3

Dungeon Overview and Level Annotations

Branches:
Dungeon (5/15)             Temple (1/1) D:5

Altars:
Ashenzari
Cheibriados
Dithmenos
Elyvilon
Gozag
Hepliaklqana
Kikubaaqudgha
Makhleb
Okawaru
Ru
Sif Muna
Trog
Uskayaw
Vehumet
Wu Jian
Yredelemnul
Zin
The Shining One

Shops:
D:3 [**=!   D:5 [:

Annotations:
D:2 Sigmund


Message History

You throw an atropa-tipped dart. The atropa-tipped dart hits the troll.
The troll resists.
Throw: 5 darts (atropa)
Press: ? - help, Q - select action, (/) - cycle Shift-Dir - straight line, f/p - troll
Aim: a troll (54% to hit, chance to blind on hit: 3%)
You throw an atropa-tipped dart. The atropa-tipped dart hits the troll.
The troll resists.
You completely miss the troll. The troll bites you.
You block the troll's attack. x2
You hit the troll. You burn the troll.
The troll is lightly wounded.
You block the troll's attack. The troll claws you. x2
You closely miss the troll.
The troll is lightly wounded.
The troll bites you but does no damage. The troll barely misses you.
The troll claws you but does no damage.
You hit the troll. You burn the troll.
The troll is lightly wounded.
The troll bites you but does no damage. The troll claws you!
The troll closely misses you.
You hit the troll. You burn the troll.
The troll is lightly wounded.
The troll bites you. The troll claws you. The troll completely misses you.
You hit the troll. You burn the troll.
The troll is lightly wounded.
The troll bites you! The troll claws you.
* * * LOW HITPOINT WARNING * * *
The troll barely misses you.
Okay, then.
As you read the scroll of teleportation, it crumbles to dust.
You feel strangely unstable. The troll closely misses you. x2
You block the troll's attack.
Your +0 dagger of flaming stops flaming.
a - a +0 war axe (weapon)
You slash the troll!
The troll is heavily wounded.
The troll closely misses you. The troll claws you!
* * * LOW HITPOINT WARNING * * *
You block the troll's attack. The troll bites you!
You die...

#.#.#.#.#.#...###...#
#...........#####..<.
#.#.##.####..........
#...##.# ##########~
###.##.# #. #.##.# #.
#.##.## #. #.#...####
##. #.@T(.(<.. ...
###...#### ##.. ##.##
.... .# ##.. # #.#
#.. ###


You could see a troll.

Vanquished Creatures
  Eustachio (D:5)
  A water moccasin (D:5)
  2 ogres
  A jelly (D:4)
  A hound (D:5)
  A bombardier beetle (D:3)
  An orc priest (D:5)
  An orc wizard (D:4)
  Natasha (thrice) (D:2)
  An adder (D:5)
  A shadow imp (D:5)
  An ufetubus (D:5)
  2 dart slugs
  6 orcs
  2 bats
  5 endoplasms
  A giant cockroach (D:1)
  3 goblins
  4 hobgoblins
  8 jackals
  2 quokkas
  3 ball pythons (D:2)
  3 frilled lizards
  5 kobolds
  A rat (D:3)
60 creatures vanquished.

Notes
Turn   | Place    | Note
-------+----------+-------------------------------------------
     0 | D:1      | wildpjah the Hill Orc Fighter began the quest for the Orb.
     0 | D:1      | Reached XP level 1. HP: 19/19 MP: 1/1
    78 | D:1      | Reached XP level 2. HP: 27/27 MP: 2/2
   669 | D:2      | Noticed Natasha
   674 | D:2      | Killed Natasha
   675 | D:2      | Reached XP level 3. HP: 28/33 MP: 3/3
   792 | D:2      | Found an ancient bone altar of Kikubaaqudgha.
   792 | D:2      | Noticed Sigmund
   849 | D:2      | Noticed Natasha
   860 | D:2      | Killed Natasha
   861 | D:2      | Reached XP level 4. HP: 7/40 MP: 4/4
  1075 | D:2      | Noticed Natasha
  1087 | D:2      | Killed Natasha
  1381 | D:3      | Found Qeesioss's Jewellery Boutique.
  1411 | D:3      | Found Onauckasm's General Store.
  1643 | D:3      | Found a faded altar of an unknown god.
  1702 | D:3      | Reached XP level 5. HP: 46/46 MP: 5/5
  1892 | D:3      | Found Xuzef's Assorted Antiques.
  1934 | D:3      | Found Loaro's Distillery.
  2045 | D:3      | Found Qid Tiap's Armour Emporium.
  2271 | D:4      | Noticed an ogre
  2279 | D:4      | Killed an ogre
  2280 | D:4      | Reached skill level 5 in Armour
  2280 | D:4      | Reached XP level 6. HP: 52/52 MP: 6/6
  2289 | D:4      | Reached skill level 5 in Axes
  2908 | D:4      | Found a basalt altar of Yredelemnul.
  3039 | D:5      | Entered Level 5 of the Dungeon
  3186 | D:5      | Noticed Eustachio
  3271 | D:5      | Killed Eustachio
  3272 | D:5      | Reached XP level 7. HP: 42/60 MP: 7/7
  3424 | D:5      | Found Antymu's Antique Armour Boutique.
  3778 | D:5      | Found Fury's Book Boutique.
  3894 | D:5      | Found a staircase to the Ecumenical Temple.
  3908 | Temple   | Entered the Ecumenical Temple
  3916 | Temple   | Became a worshipper of Warmaster Okawaru
  4220 | D:5      | Noticed a troll
  4233 | D:5      | Slain by a troll

Illustrated notes

Levels and vault maps discovered:
D:1:      ebering_trefoil_twist, layout_loops_ring
D:2:      layout_basic, basic_altar, uniq_sigmund, uniq_natasha
D:3:      layout_basic, shapermc_ecumenical_altar_mp_highgroup, serial_shops,
          shop, nicolae_shop_tiny_statue_garden, shop, shop,
          nicolae_shop_statue_plus
D:4:      layout_layer_cave, kennysheep_mini
D:5:      layout_loops_ring, minmay_temple_entry_glass, serial_rivers,
          chequers_serial_rivers_room_a, chequers_serial_rivers_small_3,
          chequers_serial_rivers_small_b, chequers_serial_rivers_micro_e,
          chequers_serial_rivers_micro_e, chequers_serial_rivers_small_3,
          serial_shops, nicolae_shop_dealshenge, kennysheep_diamond,
          minmay_misc_feat_doors, uniq_eustachio
Temple:   bh_familiar_temple

Skill      XL: |  1  2  3  4  5  6  7 |
---------------+----------------------+-----
Axes           | 3 4 5 6 |  6.2
Fighting       | 4 |  4.9
Armour         | 4 5 6 |  6.4
Shields        | 4 |  4.8
Throwing       | |  0.3
Dodging        | |  0.9
Stealth        | |  0.6

Action                     |  1- 3 |  4- 6 |  7- 9 || total
---------------------------+-------+-------+-------++-------
  Melee: War axe           |    55 |   123 |    68 ||   246
         Dagger            |       |       |     6 ||     6
  Throw: Dart              |       |     5 |     2 ||     7
    Use: Potion            |       |     1 |     3 ||     4
         Scroll            |       |       |    10 ||    10
 Armour: Scale mail        |    42 |    99 |    72 ||   213
  Dodge: Dodged            |    23 |    62 |    57 ||   142
  Block: Buckler           |     7 |    32 |    23 ||    62

Table legend: (Time is in decaauts)
 A = Elapsed time spent in this place.
 B = Non-inter-level travel time spent in this place.
 C = Inter-level travel time spent in this place.
 D = Time resting spent in this place.
 E = Time spent auto-exploring this place.
 F = Levels seen in this place.
 G = Mean time per level.
                   A        B        C        D        E       F      G
               +--------+--------+--------+--------+--------+-----+--------+
         Total |   4327 |   4010 |    317 |    162 |   3128 |   6 |  721.2 |
       Dungeon |   4106 |   3817 |    289 |     16 |   3128 |   5 |  821.2 |
        Temple |    220 |    192 |     28 |    146 |      0 |   1 |  220.0 |
               +--------+--------+--------+--------+--------+-----+--------+

Top non-repeatable levels by time:
     D:5: 1009 daAuts
     D:4: 952 daAuts
     D:2: 736 daAuts
     D:3: 734 daAuts
     D:1: 673 daAuts
  Temple: 220 daAuts
